[Event "Rated Blitz game"]
[Site "?"]
[Date "2021.02.18"]
[Round "?"]
[White "MiguelThal"]
[Black "tarask2000"]
[Result "0-1"]
[ECO "C46"]
[WhiteElo "2353"]
[BlackElo "2443"]
[PlyCount "134"]
[EventDate "2021.??.??"]
[EventType "blitz"]
[TimeControl "180"]

1. e4 e5 2. Nf3 Nf6 3. Nc3 Nc6 4. Nxe5 Nxe5 5. d4 Nc6 6. d5 Ne7 7. e5 Nfxd5 8.
Nxd5 Nxd5 9. Qxd5 c6 10. Qe4 d5 11. exd6+ Be6 12. Bf4 Qa5+ 13. c3 O-O-O 14. b4
Qa3 15. Qc2 Bxd6 16. Be3 Be5 17. Rc1 Qxa2 18. Be2 Qxc2 19. Rxc2 a6 20. O-O Bf5
21. Rcc1 Bd3 22. Rfe1 Bxe2 23. Rxe2 f6 24. f4 Bc7 25. Kf2 Rhe8 26. g3 Re7 27.
Bc5 Rxe2+ 28. Kxe2 Bd6 29. Bd4 Re8+ 30. Kf3 Kd7 31. Rd1 Kc7 32. h4 Bf8 33. h5
h6 34. g4 b6 35. Ra1 Kb7 36. Rd1 Rd8 37. Re1 c5 38. bxc5 bxc5 39. Rb1+ Kc6 40.
Be3 c4 41. Rb6+ Kc7 42. Rxa6 Rd3 43. Ra7+ Kb8 44. Rf7 Bc5 45. Rf8+ Bxf8 46. Ke4
Kc7 47. g5 fxg5 48. fxg5 Rxe3+ 49. Kxe3 hxg5 50. Ke4 Kd6 51. Kf5 Be7 52. Kg6
Bf6 53. h6 gxh6 54. Kxf6 g4 55. Kf5 g3 56. Ke4 g2 57. Kd4 g1=Q+ 58. Kxc4 Qg4+
59. Kb3 h5 60. c4 h4 61. Kb4 Kc6 62. Kc3 h3 63. Kd3 h2 64. Ke3 h1=Q 65. Kd3
Qhh3+ 66. Kc2 Qgg2+ 67. Kc1 Qhh1# {Normal} 0-1

[Event "Rated Blitz game"]
[Site "?"]
[Date "2021.02.18"]
[Round "?"]
[White "maximsnigurov"]
[Black "pascalka0409"]
[Result "0-1"]
[ECO "C46"]
[WhiteElo "2547"]
[BlackElo "2648"]
[PlyCount "38"]
[EventDate "2021.??.??"]
[EventType "blitz"]
[TimeControl "180"]

1. e4 e5 2. Nf3 Nc6 3. Nc3 Nf6 4. Nxe5 Nxe5 5. d4 Ng6 6. e5 Ng8 7. Bc4 d5 8.
Bxd5 N8e7 9. Be4 c6 10. O-O Be6 11. Qd3 Qd7 12. f4 Nh4 13. Na4 b6 14. Be3 Rd8
15. Rad1 Nd5 16. f5 Nxf5 17. Rxf5 Nxe3 18. Qxe3 Bxf5 19. Bf3 Be7 {Normal} 0-1

[Event "Rated Blitz game"]
[Site "?"]
[Date "2021.02.18"]
[Round "?"]
[White "maximsnigurov"]
[Black "pascalka0409"]
[Result "0-1"]
[ECO "C46"]
[WhiteElo "2552"]
[BlackElo "2656"]
[PlyCount "43"]
[EventDate "2021.??.??"]
[EventType "blitz"]
[TimeControl "180"]

1. e4 e5 2. Nf3 Nc6 3. Nc3 Nf6 4. Nxe5 Nxe5 5. d4 Ng6 6. e5 Ng8 7. Bc4 d5 8.
Bxd5 Bb4 9. Qf3 Qd7 10. O-O c6 11. Bb3 Qf5 12. Qe3 N8e7 13. Ne4 Nd5 14. Qe2
Ndf4 15. Qe3 O-O 16. c3 Be7 17. Bc2 Qg4 18. Ng3 Bg5 19. h3 Qh4 20. Ne4 Nxh3+
21. Qxh3 Bxh3 22. Bf4 {Normal} 0-1

[Event "Rated Blitz game"]
[Site "?"]
[Date "2021.02.17"]
[Round "?"]
[White "brunosten"]
[Black "Consent_to_treatment"]
[Result "0-1"]
[ECO "C46"]
[WhiteElo "2457"]
[BlackElo "2612"]
[PlyCount "132"]
[EventDate "2021.??.??"]
[EventType "blitz"]
[TimeControl "180"]

1. e4 e5 2. Nf3 Nc6 3. Nc3 Nf6 4. Nxe5 Nxe5 5. d4 Ng6 6. e5 Be7 7. Bc4 O-O 8.
exf6 Bxf6 9. O-O c6 10. d5 Bxc3 11. bxc3 d6 12. f4 Qf6 13. Qd3 Bf5 14. Qg3 c5
15. Be3 Qxc3 16. Bb5 a6 17. Bd3 Bxd3 18. cxd3 Qxd3 19. f5 Rfe8 20. Rae1 Ne5 21.
f6 Qg6 22. Bg5 h6 23. Bf4 Qxg3 24. Bxg3 g6 25. Bxe5 Rxe5 26. Rxe5 dxe5 27. Re1
Re8 28. d6 Kf8 29. d7 Rd8 30. Rxe5 Rxd7 31. Rxc5 Ke8 32. Rc8+ Rd8 33. Rc7 Rd6
34. Re7+ Kf8 35. Rxb7 Rxf6 36. a4 h5 37. Ra7 Kg8 38. a5 Kg7 39. h4 Kh6 40. Kh2
g5 41. hxg5+ Kxg5 42. Kh3 Kg6 43. Ra8 Kf5 44. Kh4 Rh6 45. g3 Ke4 46. Ra7 f5 47.
Kg5 Re6 48. Kxh5 f4 49. gxf4 Kxf4 50. Ra8 Ke5 51. Rd8 Rd6 52. Ra8 Kd5 53. Kg4
Kc4 54. Rb8 Rd5 55. Kf3 Rxa5 56. Ke2 Rb5 57. Ra8 a5 58. Kd2 Kb4 59. Kc2 Ka4 60.
Rc8 Rb4 61. Rc5 Rb5 62. Rc4+ Rb4 63. Rc5 Re4 64. Rc3 Re2+ 65. Kd1 Re6 66. Kc1
Kb5 {Time forfeit} 0-1

[Event "Rated Blitz game"]
[Site "?"]
[Date "2021.02.17"]
[Round "?"]
[White "highway_star"]
[Black "sewin16"]
[Result "1-0"]
[ECO "C46"]
[WhiteElo "2385"]
[BlackElo "2428"]
[PlyCount "93"]
[EventDate "2021.??.??"]
[EventType "blitz"]
[TimeControl "180"]

1. e4 e5 2. Nf3 Nc6 3. Nc3 Nf6 4. Nxe5 Nxe5 5. d4 Nc6 6. d5 Ne5 7. f4 Ng6 8. e5
Bb4 9. exf6 Qxf6 10. Bd3 Nxf4 11. O-O Qd4+ 12. Kh1 Nxd3 13. cxd3 O-O 14. Ne4
Qxd5 15. Nf6+ gxf6 16. Qg4+ Kh8 17. Qxb4 d6 18. Be3 Rg8 19. Rf2 Bh3 20. Rg1 Rg4
21. Qc3 Rg6 22. Bd4 c5 23. Bxf6+ Kg8 24. d4 Be6 25. dxc5 dxc5 26. b3 Re8 27.
Qc1 Bf5 28. Bb2 Be4 29. Qc3 f6 30. h3 Re5 31. Rxf6 Rxf6 32. Qxe5 Qxe5 33. Bxe5
Rf2 34. Bd6 b6 35. a3 Ra2 36. b4 c4 37. Kh2 c3 38. Kg3 c2 39. Kf4 Bg6 40. Rc1
Rxa3 41. g4 Kf7 42. h4 Ke6 43. Be5 Kd5 44. h5 Be4 45. Bb2 Rf3+ 46. Kg5 Rb3 47.
Kh6 {Time forfeit} 1-0

[Event "Rated Blitz game"]
[Site "?"]
[Date "2021.02.17"]
[Round "?"]
[White "maximsnigurov"]
[Black "warredw"]
[Result "1-0"]
[ECO "C46"]
[WhiteElo "2555"]
[BlackElo "2512"]
[PlyCount "33"]
[EventDate "2021.??.??"]
[EventType "blitz"]
[TimeControl "180"]

1. e4 e5 2. Nf3 Nc6 3. Nc3 Nf6 4. Nxe5 Nxe5 5. d4 Nc6 6. d5 Bb4 7. dxc6 Nxe4 8.
Qd4 Qe7 9. Be2 dxc6 10. O-O Nf6 11. Bg5 Bd6 12. Rfe1 O-O 13. Bd3 Qd8 14. Qh4 h6
15. Ne4 Be7 16. Bxh6 gxh6 17. Nxf6+ {Normal} 1-0

[Event "Rated Blitz game"]
[Site "?"]
[Date "2021.02.17"]
[Round "?"]
[White "Vihajaisestatulesta"]
[Black "sotirakis"]
[Result "1-0"]
[ECO "C46"]
[WhiteElo "2391"]
[BlackElo "2405"]
[PlyCount "31"]
[EventDate "2021.??.??"]
[EventType "blitz"]
[TimeControl "180"]

1. e4 Nf6 2. Nc3 e5 3. Nf3 Nc6 4. Nxe5 Nxe5 5. d4 Nc6 6. d5 Bb4 7. dxc6 bxc6 8.
Bd3 O-O 9. O-O h6 10. e5 Nd5 11. Nxd5 cxd5 12. Qg4 Qe7 13. Bxh6 f6 14. exf6
Rxf6 15. Bg5 Qe6 16. Qxb4 {Normal} 1-0

[Event "Rated Blitz game"]
[Site "?"]
[Date "2021.02.16"]
[Round "?"]
[White "Olarov-crybaby"]
[Black "hicus"]
[Result "0-1"]
[ECO "C46"]
[WhiteElo "2346"]
[BlackElo "2411"]
[PlyCount "41"]
[EventDate "2021.??.??"]
[EventType "blitz"]
[TimeControl "180"]

1. e4 e5 2. Nf3 Nc6 3. Nc3 Nf6 4. Nxe5 Nxe5 5. d4 Ng6 6. e5 Ng8 7. Bc4 f5 8. h4
Bb4 9. Kf1 Bxc3 10. bxc3 d5 11. exd6 Qxd6 12. h5 N6e7 13. a4 Be6 14. Bd3 O-O-O
15. g3 Nf6 16. Bf4 Qd7 17. Rb1 Bd5 18. Rh4 Bc6 19. a5 Qd5 20. Rh2 Ng4 21. Rh4 {
Normal} 0-1

[Event "Rated Blitz tournament WjHJ4SK2"]
[Site "?"]
[Date "2021.02.16"]
[Round "?"]
[White "ruzomberok"]
[Black "lord_barre"]
[Result "0-1"]
[ECO "C46"]
[WhiteElo "2401"]
[BlackElo "2457"]
[PlyCount "30"]
[EventDate "2021.??.??"]
[EventType "blitz"]
[TimeControl "180+2"]

1. e4 e5 2. Nf3 Nc6 3. Nc3 Nf6 4. Nxe5 Nxe5 5. d4 Ng6 6. e5 Ng8 7. Bc4 d6 8.
Qf3 Qd7 9. h4 Qf5 10. Qe3 dxe5 11. Nd5 Bd6 12. h5 N6e7 13. Bd2 Nxd5 14. Bxd5
Ne7 15. Bf3 exd4 {Normal} 0-1

[Event "Rated Blitz game"]
[Site "?"]
[Date "2021.02.16"]
[Round "?"]
[White "Olarov-crybaby"]
[Black "onthewaygm"]
[Result "0-1"]
[ECO "C46"]
[WhiteElo "2334"]
[BlackElo "2444"]
[PlyCount "40"]
[EventDate "2021.??.??"]
[EventType "blitz"]
[TimeControl "180"]

1. e4 e5 2. Nf3 Nc6 3. Nc3 Nf6 4. Nxe5 Nxe5 5. d4 Nc6 6. d5 Ne5 7. f4 Ng6 8. e5
Bc5 9. exf6 O-O 10. fxg7 Re8+ 11. Be2 Qh4+ 12. g3 Qh3 13. Qd3 d6 14. Ne4 Bf5
15. Nf6+ Kxg7 16. Nxe8+ Rxe8 17. Qf3 Bg4 18. Qf1 Rxe2+ 19. Qxe2 Bxe2 20. Kxe2
Qg2+ {Normal} 0-1

[Event "Rated Blitz tournament WjHJ4SK2"]
[Site "?"]
[Date "2021.02.16"]
[Round "?"]
[White "ruzomberok"]
[Black "lord_barre"]
[Result "1-0"]
[ECO "C46"]
[WhiteElo "2372"]
[BlackElo "2482"]
[PlyCount "73"]
[EventDate "2021.??.??"]
[EventType "blitz"]
[TimeControl "180+2"]

1. e4 e5 2. Nf3 Nc6 3. Nc3 Nf6 4. Nxe5 Nxe5 5. d4 Ng6 6. e5 Ng8 7. Bc4 d5 8.
Bxd5 c6 9. Bb3 Bb4 10. O-O Bxc3 11. bxc3 N8e7 12. f4 h5 13. a4 Be6 14. Ba3 Qd7
15. Qd3 Bf5 16. Qe2 Nd5 17. Qd2 O-O-O 18. a5 a6 19. Bd6 Nc7 20. c4 Ne8 21. Bc5
Be6 22. Qc3 Ne7 23. d5 Bf5 24. Bb6 Kb8 25. Bxd8 Qxd8 26. d6 Ng6 27. c5 Qd7 28.
Bc4 Be6 29. Rab1 Ka7 30. Rb6 Qd8 31. Rfb1 Bc8 32. Qb3 Qd7 33. Rxa6+ Kb8 34. Rb6
Nxf4 35. a6 Qg4 36. Rxb7+ Ka8 37. Rb8+ {Time forfeit} 1-0

[Event "Rated Blitz game"]
[Site "?"]
[Date "2021.02.16"]
[Round "?"]
[White "vladlitus"]
[Black "fantozzi"]
[Result "0-1"]
[ECO "C46"]
[WhiteElo "2397"]
[BlackElo "2480"]
[PlyCount "60"]
[EventDate "2021.??.??"]
[EventType "blitz"]
[TimeControl "180"]

1. e4 e5 2. Nc3 Nf6 3. Nf3 Nc6 4. Nxe5 Nxe5 5. d4 Nc6 6. d5 Nb8 7. e5 Ng8 8. d6
c6 9. Bc4 Qh4 10. Qe2 b5 11. Bb3 b4 12. g3 Qd4 13. Be3 Qxe5 14. f4 Ba6 15. fxe5
Bxe2 16. Nxe2 f6 17. Bd4 fxe5 18. Bxe5 Nf6 19. a3 c5 20. axb4 Nc6 21. Bxf6 gxf6
22. bxc5 Bh6 23. Rf1 Rf8 24. Rf5 O-O-O 25. Bd5 Nb4 26. Bb3 Kb8 27. Ra4 Nc6 28.
Rh4 Be3 29. Rxh7 Ne5 30. Rh6 Bxh6 {Normal} 0-1

[Event "Rated Blitz game"]
[Site "?"]
[Date "2021.02.15"]
[Round "?"]
[White "Olarov-crybaby"]
[Black "Wilsonpalencia"]
[Result "1-0"]
[ECO "C46"]
[WhiteElo "2319"]
[BlackElo "2472"]
[PlyCount "167"]
[EventDate "2021.??.??"]
[EventType "blitz"]
[TimeControl "180"]

1. e4 e5 2. Nf3 Nc6 3. Nc3 Nf6 4. Nxe5 Nxe5 5. d4 d6 6. dxe5 dxe5 7. Qxd8+ Kxd8
8. Bc4 Be6 9. Bxe6 fxe6 10. f3 Bd6 11. Bg5 Ke7 12. O-O-O a6 13. Rd3 h6 14. Bh4
g5 15. Bf2 Nh5 16. Be3 Nf4 17. Bxf4 exf4 18. Rhd1 Rad8 19. Ne2 Be5 20. Rxd8
Rxd8 21. Rxd8 Kxd8 22. c3 c5 23. b3 b5 24. c4 b4 25. Kc2 a5 26. Kd3 Ke7 27. Ng1
Kf6 28. Nh3 Kg6 29. Nf2 Bd4 30. Ke2 Kh5 31. e5 Kg6 32. Ne4 Kf5 33. Nd6+ Kxe5
34. Nf7+ Kf5 35. Nxh6+ Kg6 36. Ng4 e5 37. Kd3 Kf5 38. h3 Bg1 39. Nh6+ Kg6 40.
Ng8 Kf7 41. Nh6+ Kg6 42. Ng4 Kf5 43. Ke2 e4 44. fxe4+ Kxe4 45. Nf6+ Kd4 46. Kd2
Be3+ 47. Kc2 f3 48. gxf3 Bf4 49. Ng4 Be3 50. Nf6 Bg1 51. Nd5 Bh2 52. Kd2 Bg1
53. Ke2 Bh2 54. Kd2 Bd6 55. Ke2 Be5 56. Kd2 a4 57. Ke2 axb3 58. axb3 Bd6 59.
Kd2 Bh2 60. Ke2 Bg1 61. f4 gxf4 62. h4 Ke5 63. Kf3 Kf5 64. Nxf4 Bd4 65. Nd3 Bc3
66. h5 Bd4 67. h6 Kf6 68. Ke4 Kg6 69. Kd5 Kxh6 70. Nxc5 Bc3 71. Nd3 Bd2 72. Kc5
Bc3 73. Kb5 Bd2 74. Nxb4 Bc3 75. Nd5 Bd2 76. Kc6 Bc3 77. Kd7 Bd2 78. Nb6 Bc3
79. c5 Bd2 80. c6 Bc3 81. c7 Bd2 82. Nd5 Bf4 83. c8=Q Bb8 84. Qc6+ {Time
forfeit} 1-0

[Event "Rated Blitz game"]
[Site "?"]
[Date "2021.02.15"]
[Round "?"]
[White "lederman"]
[Black "Roman2001"]
[Result "1/2-1/2"]
[ECO "C46"]
[WhiteElo "2401"]
[BlackElo "2479"]
[PlyCount "154"]
[EventDate "2021.??.??"]
[EventType "blitz"]
[TimeControl "180+2"]

1. e4 e5 2. Nc3 Nf6 3. Nf3 Nc6 4. Nxe5 Nxe5 5. d4 Ng6 6. e5 Be7 7. h4 d6 8.
exf6 Bxf6 9. h5 Ne7 10. Be3 h6 11. Qf3 Nf5 12. O-O-O O-O 13. Bd3 Nxe3 14. fxe3
Bg5 15. Kb1 c6 16. Rdf1 d5 17. e4 dxe4 18. Nxe4 f5 19. Nxg5 Qxg5 20. g4 Be6 21.
gxf5 Bd5 22. Be4 Bxe4 23. Qxe4 Rae8 24. Qf3 Re3 25. Qf2 Rfe8 26. Rhg1 Qf6 27.
Rg6 Qxd4 28. Qg1 Qe5 29. b3 Re1+ 30. Rxe1 Qxe1+ 31. Qxe1 Rxe1+ 32. Kb2 Rf1 33.
Re6 Rxf5 34. Re7 Rf7 35. Re8+ Kh7 36. Re5 g6 37. b4 gxh5 38. Rxh5 Kg6 39. Rh2
h5 40. a4 Rf4 41. Kc3 h4 42. Kb3 Rf3+ 43. Kc4 h3 44. b5 Kf5 45. Kc5 Rc3+ 46.
Kb4 Rg3 47. c4 Ke4 48. Kc5 cxb5 49. axb5 Kd3 50. Kb4 b6 51. Kb3 Ke4+ 52. Kb4
Kd4 53. Rd2+ Rd3 54. Rh2 Ke4 55. Rf2 Rg3 56. Rh2 Kf4 57. c5 bxc5+ 58. Kxc5 Kg4
59. Kc6 Rb3 60. Ra2 Kg3 61. Rxa7 Rb4 62. Ra3+ Kg2 63. Ra2+ Kg3 64. Ra3+ Kg4 65.
Kc5 Rb2 66. Ra8 h2 67. Rh8 Kg3 68. b6 Rc2+ 69. Kb5 Rb2+ 70. Kc6 Rb4 71. b7 Rxb7
72. Kxb7 Kg2 73. Rg8+ Kf2 74. Rf8+ Kg2 75. Rg8+ Kf2 76. Rh8 Kg2 77. Rxh2+ Kxh2
{Normal} 1/2-1/2

[Event "Rated Blitz game"]
[Site "?"]
[Date "2021.02.15"]
[Round "?"]
[White "lederman"]
[Black "RalphSheldon"]
[Result "0-1"]
[ECO "C46"]
[WhiteElo "2415"]
[BlackElo "2429"]
[PlyCount "26"]
[EventDate "2021.??.??"]
[EventType "blitz"]
[TimeControl "180+2"]

1. e4 e5 2. Nc3 Nf6 3. Nf3 Nc6 4. Nxe5 Nxe5 5. d4 Ng6 6. e5 Ng8 7. f4 d6 8. Bd3
N8e7 9. g4 dxe5 10. dxe5 Nd5 11. Qf3 Nxc3 12. bxc3 Qh4+ 13. Ke2 Bxg4 {Normal}
0-1

[Event "Rated Blitz game"]
[Site "?"]
[Date "2021.02.15"]
[Round "?"]
[White "lederman"]
[Black "Terizlong"]
[Result "1-0"]
[ECO "C46"]
[WhiteElo "2398"]
[BlackElo "2477"]
[PlyCount "63"]
[EventDate "2021.??.??"]
[EventType "blitz"]
[TimeControl "180+2"]

1. e4 e5 2. Nc3 Nf6 3. Nf3 Nc6 4. Nxe5 Nxe5 5. d4 Ng6 6. e5 Ng8 7. Bd3 Bb4 8.
O-O Bxc3 9. bxc3 N8e7 10. f4 d6 11. f5 dxe5 12. fxg6 hxg6 13. dxe5 Qd5 14. Rb1
Qxe5 15. Bf4 Qc5+ 16. Kh1 O-O 17. Rb5 Qc6 18. Qe2 Nd5 19. Be4 Nxf4 20. Rxf4
Qxc3 21. Rb3 Qe5 22. Qf2 g5 23. Re3 Qxf4 24. Bf3 Be6 25. Qe2 c6 26. g3 Qd4 27.
Bh5 Bd5+ 28. Kg1 Qa1+ 29. Kf2 Qxa2 30. Re7 Be6 31. Qe4 Qa5 32. Rxe6 {Time
forfeit} 1-0

[Event "Rated Blitz game"]
[Site "?"]
[Date "2021.02.15"]
[Round "?"]
[White "Cagnus_Marlsen64"]
[Black "moustiblanc"]
[Result "1/2-1/2"]
[ECO "C46"]
[WhiteElo "2296"]
[BlackElo "2446"]
[PlyCount "136"]
[EventDate "2021.??.??"]
[EventType "blitz"]
[TimeControl "300"]

1. e4 e5 2. Nf3 Nc6 3. Nc3 Nf6 4. Nxe5 Nxe5 5. d4 Ng6 6. e5 Ng8 7. Bc4 c6 8.
O-O d5 9. exd6 Bxd6 10. f4 Be6 11. d5 Qb6+ 12. Kh1 O-O-O 13. dxe6 fxe6 14.
Bxe6+ Kb8 15. Qf3 Nf6 16. Be3 Qc7 17. Rad1 Rhe8 18. Bb3 Nh4 19. Qh3 Nf5 20.
Bxa7+ Kxa7 21. Qxf5 Rf8 22. Qg5 h5 23. Rd4 Ng4 24. Ra4+ Kb8 25. Qa5 Qxa5 26.
Rxa5 Bxf4 27. Rxh5 Bxh2 28. Rxf8 Rxf8 29. Bc4 Bc7 30. Ne4 Rd8 31. Bd3 Ne5 32.
Rh3 Rd4 33. Kg1 Bb6 34. Kf1 Rb4 35. b3 Rd4 36. Ke2 Rd8 37. Rg3 g6 38. Rg5 Bc7
39. Rg3 Re8 40. Rh3 Ka7 41. Rh7 Bb6 42. Kd2 Rf8 43. Kc3 Rd8 44. Kb2 Bd4+ 45.
Ka3 Bb6 46. Re7 Nxd3 47. cxd3 Rxd3 48. Nf6 Bc5+ 49. Kb2 Bxe7 50. Ng4 Rd2+ 51.
Kc3 Rxg2 52. Ne5 Bf6 53. Kc4 Bxe5 54. Kc5 Rxa2 55. b4 Rb2 56. b5 Rxb5+ 57. Kc4
g5 58. Kd3 g4 59. Kc4 g3 60. Kd3 g2 61. Kc4 g1=Q 62. Kd3 Qd1+ 63. Ke3 Rb3+ 64.
Ke4 Qd4+ 65. Kf5 Rf3+ 66. Ke6 Bd6 67. Kd7 Qe4 68. Kc8 Qe7 {Normal} 1/2-1/2

[Event "Rated Blitz game"]
[Site "?"]
[Date "2021.02.15"]
[Round "?"]
[White "lederman"]
[Black "AZ-Heerenven"]
[Result "1/2-1/2"]
[ECO "C46"]
[WhiteElo "2411"]
[BlackElo "2414"]
[PlyCount "109"]
[EventDate "2021.??.??"]
[EventType "blitz"]
[TimeControl "180+2"]

1. e4 Nf6 2. Nc3 e5 3. Nf3 Nc6 4. Nxe5 Nxe5 5. d4 Ng6 6. e5 Bb4 7. exf6 Qxf6 8.
Be3 O-O 9. g3 d5 10. Bg2 c6 11. h4 Ne7 12. Qf3 Qxf3 13. Bxf3 Nf5 14. Kd2 Nxe3
15. fxe3 Bf5 16. g4 Bd7 17. a3 Ba5 18. b4 Bc7 19. e4 dxe4 20. Nxe4 Rad8 21. c3
Rfe8 22. Rae1 a5 23. Nc5 Bc8 24. Rxe8+ Rxe8 25. g5 Bf4+ 26. Kc2 Bf5+ 27. Kb3 b6
28. Bxc6 Re2 29. Rf1 Bc2+ 30. Kc4 Bg3 31. Nd7 axb4 32. axb4 Bxh4 33. Ne5 Bxg5
34. Bd5 Bf6 35. Nxf7 Kf8 36. Ne5 h5 37. Nd7+ Ke7 38. Nxf6 gxf6 39. Rh1 Bg6 40.
Rg1 Be8 41. Rg7+ Kd6 42. Bf7 Re7 43. Bxe8 Rxg7 44. Bxh5 f5 45. Bf3 f4 46. Kd3
Rc7 47. c4 Ra7 48. Ke4 Ra4 49. c5+ bxc5 50. bxc5+ Ke6 51. c6 Kd6 52. Kxf4 Rxd4+
53. Ke3 Rc4 54. Bg2 Rxc6 55. Bxc6 {Normal} 1/2-1/2

[Event "Rated Blitz game"]
[Site "?"]
[Date "2021.02.14"]
[Round "?"]
[White "maximsnigurov"]
[Black "AntaniChess"]
[Result "0-1"]
[ECO "C46"]
[WhiteElo "2573"]
[BlackElo "2473"]
[PlyCount "52"]
[EventDate "2021.??.??"]
[EventType "blitz"]
[TimeControl "180"]

1. e4 e5 2. Nf3 Nc6 3. Nc3 Nf6 4. Nxe5 Nxe5 5. d4 Ng6 6. e5 Ng8 7. Bc4 N8e7 8.
Qf3 d5 9. exd6 Qxd6 10. Bxf7+ Kd8 11. Ne4 Qc6 12. O-O Nf5 13. d5 Qb6 14. Bg5+
Be7 15. Rfe1 Ne5 16. Bxe7+ Nxe7 17. Qf4 Nxf7 18. Qxf7 Qg6 19. Nd6 Qxd6 20. Qxg7
Rg8 21. Qxh7 Bf5 22. Qh4 Kd7 23. c4 Rh8 24. Qg3 Rag8 25. Qxd6+ cxd6 26. f3 Ng6
{Normal} 0-1

[Event "Rated Blitz game"]
[Site "?"]
[Date "2021.02.14"]
[Round "?"]
[White "lederman"]
[Black "marktven22"]
[Result "0-1"]
[ECO "C46"]
[WhiteElo "2401"]
[BlackElo "2561"]
[PlyCount "64"]
[EventDate "2021.??.??"]
[EventType "blitz"]
[TimeControl "180+2"]

1. e4 e5 2. Nc3 Nf6 3. Nf3 Nc6 4. Nxe5 Nxe5 5. d4 d6 6. dxe5 dxe5 7. Qxd8+ Kxd8
8. Bg5 Be6 9. O-O-O+ Kc8 10. f3 Bc5 11. Bb5 h6 12. Bd2 c6 13. Ba4 Kc7 14. Bb3
Rhe8 15. Na4 Bd6 16. Be3 Nd7 17. Rd2 Bxb3 18. axb3 b5 19. Nc3 Nb6 20. Rhd1 Rad8
21. Ne2 h5 22. Ng3 g6 23. Bg5 Be7 24. Bxe7 Rxd2 25. Kxd2 Rxe7 26. Ke3 Rd7 27.
Ra1 Kb7 28. Ke2 Na8 29. Nf1 Nc7 30. Ne3 Ne6 31. g3 Nd4+ 32. Kf2 Nxc2 {Normal}
0-1

[Event "Rated Blitz game"]
[Site "?"]
[Date "2021.02.14"]
[Round "?"]
[White "highway_star"]
[Black "TheWolfSpur"]
[Result "0-1"]
[ECO "C46"]
[WhiteElo "2358"]
[BlackElo "2402"]
[PlyCount "70"]
[EventDate "2021.??.??"]
[EventType "blitz"]
[TimeControl "180"]

1. e4 e5 2. Nf3 Nc6 3. Nc3 Nf6 4. Nxe5 Nxe5 5. d4 Ng6 6. e5 Ng8 7. Bc4 d5 8.
Bxd5 c6 9. Be4 N8e7 10. Qd3 Be6 11. f4 Qd7 12. O-O Bf5 13. Be3 h5 14. Rad1 Rd8
15. g3 h4 16. Bxf5 Nxf5 17. Ne4 hxg3 18. hxg3 Be7 19. c3 Kf8 20. Qe2 Nxe3 21.
Qxe3 Qh3 22. Rd2 Nh4 23. Kf2 Nf5 24. Qf3 g6 25. Ke1 Kg7 26. Rg2 c5 27. Nf2 Qh7
28. Rh1 Qxh1+ 29. Nxh1 Rxh1+ 30. Ke2 cxd4 31. Qxb7 dxc3 32. bxc3 Rhd1 33. g4
R8d2+ 34. Kf3 Nh4+ 35. Ke4 Re1+ {Normal} 0-1

[Event "Rated Blitz game"]
[Site "?"]
[Date "2021.02.14"]
[Round "?"]
[White "lederman"]
[Black "Papa_1960"]
[Result "1-0"]
[ECO "C46"]
[WhiteElo "2396"]
[BlackElo "2523"]
[PlyCount "39"]
[EventDate "2021.??.??"]
[EventType "blitz"]
[TimeControl "180+2"]

1. e4 e5 2. Nc3 Nf6 3. Nf3 Nc6 4. Nxe5 Nxe5 5. d4 Ng6 6. e5 Ng8 7. Bc4 d5 8.
Bxd5 N8e7 9. Bb3 c6 10. O-O Be6 11. f4 Nf5 12. Ne2 h5 13. c4 b5 14. d5 bxc4 15.
dxe6 cxb3 16. exf7+ Kxf7 17. Qxb3+ Qd5 18. Qc2 Bc5+ 19. Kh1 h4 20. Qxf5+ {
Normal} 1-0

[Event "Rated Blitz game"]
[Site "?"]
[Date "2021.02.14"]
[Round "?"]
[White "lederman"]
[Black "AM1978"]
[Result "1-0"]
[ECO "C46"]
[WhiteElo "2400"]
[BlackElo "2425"]
[PlyCount "67"]
[EventDate "2021.??.??"]
[EventType "blitz"]
[TimeControl "180+2"]

1. e4 e5 2. Nc3 Nf6 3. Nf3 Nc6 4. Nxe5 Nxe5 5. d4 Nc6 6. e5 Ng8 7. Bc4 Na5 8.
Bd3 d5 9. O-O Nc6 10. Be3 g6 11. f4 Nge7 12. g4 Bh6 13. Qf3 O-O 14. Kh1 Nb4 15.
f5 Bxe3 16. Qxe3 Nxd3 17. f6 Kh8 18. fxe7 Qxe7 19. cxd3 Be6 20. Rf6 c6 21. Raf1
Rae8 22. g5 Kg7 23. R1f4 Rh8 24. Ne2 h6 25. Qg3 hxg5 26. Qxg5 Rh5 27. Qg1 Reh8
28. Rf2 Qb4 29. Rg2 R8h6 30. Nf4 Bh3 31. Nxh5+ Rxh5 32. Rgxg6+ Kf8 33. Rg8+ Ke7
34. Rxf7+ {Normal} 1-0

[Event "Rated Blitz game"]
[Site "?"]
[Date "2021.02.13"]
[Round "?"]
[White "maximsnigurov"]
[Black "Bugzilla"]
[Result "1-0"]
[ECO "C46"]
[WhiteElo "2563"]
[BlackElo "2571"]
[PlyCount "65"]
[EventDate "2021.??.??"]
[EventType "blitz"]
[TimeControl "180"]

1. e4 e5 2. Nf3 Nc6 3. Nc3 Nf6 4. Nxe5 Nxe5 5. d4 Nc6 6. d5 Nb8 7. e5 Ng8 8. d6
Nc6 9. Nb5 cxd6 10. exd6 Qf6 11. Bc4 Qe5+ 12. Be3 Nf6 13. O-O Kd8 14. Re1 Qf5
15. Nxa7 Qa5 16. Nb5 b6 17. c3 Ba6 18. b4 Qxb5 19. Bxb5 Bxb5 20. Bxb6+ Kc8 21.
a4 Bc4 22. b5 Nd8 23. Qd4 Kb7 24. Qxc4 Rc8 25. Bc7 Bxd6 26. b6 Ne6 27. Reb1 Bc5
28. a5 Rxc7 29. a6+ Kc6 30. Qb5+ Kd6 31. Rd1+ Ke7 32. bxc7 d6 33. Qb7 {Normal}
1-0

[Event "Rated Blitz game"]
[Site "?"]
[Date "2021.02.13"]
[Round "?"]
[White "Rauchbach"]
[Black "jpboyeras"]
[Result "0-1"]
[ECO "C46"]
[WhiteElo "2362"]
[BlackElo "2482"]
[PlyCount "40"]
[EventDate "2021.??.??"]
[EventType "blitz"]
[TimeControl "180"]

1. e4 e5 2. Nf3 Nc6 3. Nc3 Nf6 4. Nxe5 Nxe5 5. d4 Nc6 6. d5 Bb4 7. dxc6 Nxe4 8.
Qg4 Qe7 9. Qxg7 Nxc3+ 10. Be3 Nd5+ 11. c3 Rf8 12. O-O-O dxc6 13. cxb4 Nxe3 14.
Re1 Be6 15. Rxe3 O-O-O 16. Bc4 Qxb4 17. Bxe6+ fxe6 18. Kb1 Rxf2 19. Rxe6 b6 20.
Rxc6 Qe4+ {Normal} 0-1

[Event "Rated Blitz game"]
[Site "?"]
[Date "2021.02.12"]
[Round "?"]
[White "highway_star"]
[Black "Zombieblitz"]
[Result "0-1"]
[ECO "C46"]
[WhiteElo "2300"]
[BlackElo "2416"]
[PlyCount "88"]
[EventDate "2021.??.??"]
[EventType "blitz"]
[TimeControl "180"]

1. e4 e5 2. Nf3 Nc6 3. Nc3 Nf6 4. Nxe5 Nxe5 5. d4 Nc6 6. d5 Bb4 7. dxc6 Nxe4 8.
Qd4 Bxc3+ 9. bxc3 O-O 10. Be3 d5 11. cxb7 Bxb7 12. Rb1 c5 13. Qd3 Bc6 14. Be2
Qf6 15. O-O Nxc3 16. Bxc5 Nxb1 17. Bxf8 Nc3 18. Bb4 Nxe2+ 19. Qxe2 d4 20. Qg4
h6 21. Rd1 Rd8 22. Bc5 Rd5 23. Bxd4 Rg5 24. Bxf6 Rxg4 25. Be5 Rxg2+ 26. Kf1 Rg5
27. f4 Rg2 28. c4 Rxa2 29. Rd6 Bf3 30. c5 Rc2 31. Rd8+ Kh7 32. Bd6 a6 33. Rd7
Kg6 34. Ra7 f6 35. Bf8 Kf5 36. Rxg7 h5 37. Ra7 h4 38. Ke1 Rxh2 39. Rxa6 Re2+
40. Kf1 h3 41. Bg7 h2 42. Rxf6+ Kg4 43. Rh6 Re7 44. Be5 h1=Q+ {Normal} 0-1

[Event "Rated Blitz game"]
[Site "?"]
[Date "2021.02.12"]
[Round "?"]
[White "levmiseri"]
[Black "teddyhh"]
[Result "0-1"]
[ECO "C46"]
[WhiteElo "2237"]
[BlackElo "2411"]
[PlyCount "138"]
[EventDate "2021.??.??"]
[EventType "blitz"]
[TimeControl "180"]

1. e4 e5 2. Nf3 Nc6 3. Nc3 Nf6 4. Nxe5 Nxe5 5. d4 Nc6 6. d5 Bb4 7. dxc6 Nxe4 8.
Qd4 Qe7 9. Be2 O-O 10. Be3 dxc6 11. O-O Bxc3 12. bxc3 Rd8 13. Qc4 Bf5 14. Bd3
Nd6 15. Qf4 Bg6 16. Rfe1 Re8 17. Rab1 Qd7 18. Red1 b6 19. h3 c5 20. Re1 Qe6 21.
a4 Rad8 22. Rbd1 Bxd3 23. cxd3 Qb3 24. Bd2 Re6 25. Kh2 Rde8 26. Qf3 Rxe1 27.
Rxe1 Rxe1 28. Bxe1 Qxa4 29. d4 cxd4 30. cxd4 Qe8 31. Bb4 Qe4 32. Qd1 a5 33. Ba3
Qf4+ 34. g3 Qe4 35. Kg1 Qd5 36. Qc1 h6 37. Qxc7 Nb5 38. Qb8+ Kh7 39. Bb2 Nxd4
40. Qxb6 Nf3+ 41. Kf1 Qd1+ 42. Kg2 Ne1+ 43. Kf1 Nd3+ 44. Kg2 Nxb2 45. Qxb2 Qd5+
46. f3 Qd3 47. Qf2 a4 48. Qa2 Qb3 49. Qd2 a3 50. h4 Qb2 51. Qxb2 axb2 52. Kh3
b1=Q 53. g4 Qd3 54. Kg3 g5 55. h5 Qe3 56. Kg2 Qf4 57. Kf2 f5 58. Kg2 fxg4 59.
fxg4 Qxg4+ 60. Kf2 Qxh5 61. Kg1 Qg6 62. Kf2 g4 63. Ke1 Qf5 64. Kd2 Qf3 65. Kc2
g3 66. Kd2 g2 67. Kc2 g1=Q 68. Kd2 Qgg2+ 69. Ke1 Qff1# {Normal} 0-1